Map: Void Training Stage 3

Players

Yata - Winner!

  • Race: Zerg Zerg
  • League: Silver
  • Spawn Location: 6:00

Player 2

  • Race: Protoss Protoss
  • Spawn Location: 12:00

VOD

Have the link to the VOD?

Description

Time

  • Played on: Aug. 15, 2017, 9:21 p.m.
  • Length: 11:13
Show
View Real Time Build Order
Export as new Build Order

Yata Zerg - Winner!

Build Orders: Hatch First, Lurkers 

Get SALT Encoding   

  12  0:08  Drone x2  
  14  0:18  Overlord  
  14  0:36  Drone x2  
  14  0:42  Drone  
  17  0:59  Drone  
  17  1:03  Hatchery  
  17  1:07  Drone  
  18  1:13  Extractor  
  17  1:21  Spawning Pool  
  17  1:25  Drone x2  
  18  1:34  Drone  
  19  1:50  Drone  
  20  1:57  Overlord  
  20  2:10  Queen  
  22  2:17  Drone x3  
  22  2:19  Queen  
  22  2:22  Metabolic Boost  
  27  2:28  Zergling x4  
  29  2:37  Drone  
  29  2:40  Overlord  
  30  2:47  Queen  
  30  2:51  Drone x2  
  34  2:59  Drone  
  35  3:07  Drone  
  36  3:17  Drone x2  
  36  3:18  Drone x2  
  36  3:19  Hatchery  
  39  3:23  Drone x2  
  41  3:33  Overlord  
  41  3:51  Queen  
  41  3:52  Extractor  
  44  3:55  Extractor  
  44  3:58  Lair  
  41  4:10  Drone x3  
  41  4:12  Overlord x3  
  44  4:29  Overlord x3, Queen  
  46  4:42  Drone x3  
  46  4:43  Drone x4  
  53  4:55  Queen  
  55  5:00  Hydralisk Den  
  55  5:04  Evolution Chamber  
  53  5:16  Drone  
  53  5:17  Drone x11  
  65  5:21  Queen  
  65  5:23  Pneumatized Carapace  
  67  5:33  Extractor  
  66  5:47  Queen  
  66  5:49  Hydralisk  
  68  5:50  Hydralisk x5  
  80  5:57  Queen  
  82  6:07  Queen  
  82  6:10  Overlord x3  
  84  6:12  Hydralisk  
  86  6:20  Muscular Augments  
  86  6:23  Queen  
  88  6:32  Queen  
  90  6:41  Hydralisk x4  
  90  6:42  Hydralisk x3  
  90  6:43  Hydralisk x4  
  112  7:07  Zergling x2  
  112  7:08  Zergling x18  
  122  7:41  Overlord x5  
  122  7:42  Overlord x2  
  116  8:10  Drone x2  
  116  8:11  Drone x4  
  118  8:32  Hydralisk x12  
  142  8:35  Hatchery  
  141  8:55  Lurker Den  
  141  9:01  Zergling x4  
  141  9:02  Zergling x20  
  153  9:33  Overlord x4  
  153  9:39  Hatchery  
  152  9:47  Hatchery  
  151  9:58  Drone x4  
  151  9:59  Drone x8  
  164  10:00  Drone x4  
  167  10:10  Hydralisk x7  
  167  10:11  Hydralisk x3  
  187  10:18  Zergling x2  
  178  10:41  Zergling x2  
  178  10:42  Zergling x26  
  192  10:49  Hydralisk x2  
  196  10:55  Lurker x2  
  196  10:56  Lurker x2  
Show
View Real Time Build Order
Export as new Build Order

Player 2 Protoss 

Build Orders:  

Get SALT Encoding   

  12  0:01  Probe (Chrono Boost)  
  13  0:11  Probe (Chrono Boost)  
  14  0:22  Pylon, Probe (Chrono Boost)  
  15  0:40  Probe (Chrono Boost)  
  16  0:48  Assimilator  
  16  0:50  Probe (Chrono Boost)  
  16  0:51  Gateway  
  17  1:01  Pylon, Probe (Chrono Boost)  
  18  1:30  Gateway  
  18  1:34  Assimilator  
  18  1:38  Zealot  
  18  1:39  Cybernetics Core  
  20  2:03  Zealot  
  20  2:08  Pylon  
  22  2:09  Warp Gate  
  22  2:22  Stalker  
  24  2:45  Stalker  
  27  2:59  Probe (Chrono Boost)  
  27  3:06  Stalker  
  27  3:08  Pylon  
  27  3:12  Probe (Chrono Boost)  
  30  3:24  Probe (Chrono Boost)  
  31  3:27  Adept  
  31  3:32  Forge  
  33  3:36  Probe (Chrono Boost)  
  34  3:48  Stalker, Probe (Chrono Boost)  
  37  4:00  Probe (Chrono Boost)  
  38  4:11  Stalker  
  40  4:40  Probe (Chrono Boost)  
  40  6:53  Sentry  
  42  6:55  Photon Cannon  
  42  6:58  Photon Cannon  
  42  7:00  Pylon  
  42  7:02  Robotics Facility, Nexus  
  42  7:04  Stargate  
  42  7:06  Sentry, Twilight Council  
  44  7:09  Gateway  
  44  7:12  Forge  
  44  7:19  Sentry  
  44  7:22  Pylon  
  36  7:32  Adept  
  32  7:45  Stalker  
  32  7:48  Observer  
  35  7:58  Stalker  
  27  8:08  Observer  
  27  8:10  Adept  
  30  8:15  Probe (Chrono Boost)  
  30  8:17  Probe (Chrono Boost)  
  32  8:22  Assimilator  
  32  8:23  Stalker  
  32  8:24  Pylon  
  32  8:25  Probe (Chrono Boost)  
  32  8:26  Pylon  
  35  8:27  Assimilator  
  35  8:29  Probe (Chrono Boost)  
  36  8:36  Zealot, Probe (Chrono Boost)  
  36  8:40  Probe (Chrono Boost)  
  39  8:47  Photon Cannon, Probe (Chrono Boost)  
  40  8:49  Stalker, Photon Cannon  
  40  8:51  Probe (Chrono Boost)  
  43  8:58  Probe (Chrono Boost)  
  43  9:02  Sentry, Probe (Chrono Boost)  
  47  9:09  Probe (Chrono Boost)  
  48  9:13  Probe (Chrono Boost)  
  48  9:15  Adept  
  51  9:20  Probe (Chrono Boost)  
  53  9:25  Probe (Chrono Boost)  
  53  9:28  Stalker  
  56  9:31  Probe (Chrono Boost)  
  56  9:36  Probe (Chrono Boost)  
  57  9:41  Zealot  
  57  9:42  Probe (Chrono Boost)  
  60  9:47  Probe (Chrono Boost)  
  61  9:53  Sentry  
  61  9:54  Probe (Chrono Boost)  
  61  9:58  Probe (Chrono Boost)  
  65  10:07  Sentry  
  67  10:21  Stalker  
  59  10:28  Zealot  
  44  10:39  Photon Cannon  
  37  10:43  Stalker  
  37  10:45  Photon Cannon  
  25  10:57  Zealot  
  25  10:59  Probe (Chrono Boost)  
  25  11:04  Stalker  
Tags
 
Composition
Lurkers
League
Silver
Matchup
PvZ
Replay Pack
Pack 1
Spawn Locations
Cross Positions
Add a new tag
Caveats
  • Supply blocks, unpowered buildings, or Contaminate may cause inaccurate times.
  • Supply counts are checked every 10 seconds.